 Dungeon Crawl Stone Soup version 0.17.1-1-g73c8601 (webtiles) character file.

60 radek the Digger (level 4, -1/24 HPs)
             Began as a Gargoyle Earth Elementalist on Dec 9, 2015.
             Slain by Natasha (2 damage)
             ... on level 3 of the Dungeon on Dec 11, 2015.
             The game lasted 00:08:03 (2121 turns).

radek the Digger (Gargoyle Earth Elementalist)      Turns: 2121, Time: 00:08:03

Health: -1/24      AC:  6    Str: 12    XL:     4   Next: 4%
Magic:  17/17      EV:  7    Int: 16    God:
Gold:   83         SH:  0    Dex: 10    Spells: 2 memorised, 4 levels left

rFire  . . .     SeeInvis .     r - +0 whip
rCold  . . .     Clarity  .     a - +0 robe
rNeg   + . .     SustAt   .     (no shield)
rPois  ∞         Gourm    .     (no helmet)
rElec  +         Spirit   .     (no cloak)
rCorr  .         Warding  .     (no gloves)
rMut   .         Stasis   .     j - +0 pair of boots
MR     .....                    (no amulet)
Stlth  +.........               (no ring)
                                g - ring of magical power

@: confused, not resistant to hostile enchantments, very unstealthy
A: negative energy resistance 1, electricity resistance, unbreathing,
petrification resistance, rot immunity, AC +3
a: no special abilities


You were on level 3 of the Dungeon.
You were not hungry.

You visited 1 branch of the dungeon, and saw 3 of its levels.

You collected 83 gold pieces.

Inventory:

Hand Weapons
 f - a +0 whip
 m - a +0 short sword
 r - a +0 whip (weapon)
Missiles
 b - 84 stones (quivered)
Armour
 a - a +0 robe (worn)
 j - a +0 pair of boots (worn)
Jewellery
 g - a ring of magical power (left hand)
Scrolls
 h - 3 scrolls of identify {unknown}
 i - a scroll of immolation {unknown}
 k - 2 scrolls of enchant armour {unknown}
 o - a scroll of teleportation {unknown}
 u - 2 scrolls of recharging {unknown}
 v - a scroll of blinking {unknown}
Potions
 e - 3 potions of ambrosia {unknown}
 l - 2 potions of curing {unknown}
 s - a potion of brilliance {unknown}
 t - a potion of heal wounds {unknown}
Books
 c - a book of Geomancy

   Spells                             Type                      Level
   a - Sandblast                      Earth                        1
   b - Stoneskin                      Transmutation/Earth          2
   c - Passwall                       Transmutation/Earth          3
   d - Stone Arrow                    Conjuration/Earth            3
   e - Petrify                        Transmutation/Earth          4
   f - Lee's Rapid Deconstruction     Earth                        5
Comestibles
 d - 2 bread rations
 n - 5 fruits
 p - a meat ration
 q - a slice of pizza


   Skills:
 - Level 1.5 Dodging
 - Level 2.1 Stealth
 + Level 2.8 Spellcasting
 * Level 1.4 Conjurations
   Level 0.7 Transmutations
 + Level 4.6 Earth Magic


You had 4 spell levels left.
You knew the following spells:

 Your Spells              Type           Power        Failure   Level  Hunger
a - Sandblast             Erth           ###...       3%          1    #......
b - Stone Arrow           Conj/Erth      ##....       17%         3    ###....


Dungeon Overview and Level Annotations

Branches:
Dungeon (3/15)

Altars:
Okawaru
Xom

Annotations:
D:3 Natasha


Innate Abilities, Weirdness & Mutations

You are resistant to torment.
Your stone body is resilient (AC +3).
You are immune to poison.
You resist negative energy.
You are resistant to electric shocks.
You can survive without breathing.
You are immune to petrification.
You are immune to rotting.


Message History

The crimson imp hits you but does no damage.
Natasha claws you.
The shadow imp hits you but does no damage.
You're too confused to move!
The crimson imp hits you.
Natasha zaps a wand.
You resist with some effort. The shadow imp barely misses you.
You bump into the rock wall.
The crimson imp blinks!
Natasha zaps a wand.
You resist with some effort. The shadow imp hits you.
* * * LOW HITPOINT WARNING * * *
You bump into the rock wall.
Natasha casts a spell.
The shadow imp hits you.
* * * LOW HITPOINT WARNING * * *
The crimson imp shouts, "Remove thy stench, thou twisted beef-witted tiddler!"
Natasha zaps a wand.
You resist with some effort.
You bump into the rock wall.
The shadow imp disappears in a puff of smoke!
The crimson imp blinks!
There is a stone staircase leading up here.
Natasha claws you.
You die...

..............##.....####.#
.........#.......<........#
......#.#...##.....####.##
#.†......##.....# #......§#
#.##### #.#..#..###.#
#...........# ###.5##.#####
#..h@.# #.###.(..... #..
..###### ### ###


You could see Natasha and a shadow imp.

Vanquished Creatures
  2 adders (D:2)
  An ooze (D:1)
  A worm (D:2)
  6 hobgoblins
  4 kobolds
  5 bats
  A giant newt (D:1)
  7 goblins
  6 rats
33 creatures vanquished.

Notes
Turn   | Place    | Note
--------------------------------------------------------------
     0 | D:1      | radek the Gargoyle Earth Elementalist began the quest for the Orb.
     0 | D:1      | Reached XP level 1. HP: 10/10 MP: 3/3
   382 | D:1      | Reached XP level 2. HP: 15/15 MP: 5/5
   430 | D:1      | Reached skill level 4 in Earth Magic
   584 | D:1      | Found a shimmering altar of Xom.
   613 | D:1      | Upgraded the game from 0.17.0-73-gb648821 to 0.17.1-1-g73c8601
  1172 | D:2      | Reached XP level 3. HP: 19/19 MP: 6/6
  1180 | D:2      | Learned a level 3 spell: Stone Arrow
  1203 | D:2      | Reached skill level 1 in Conjurations
  1204 | D:2      | Found a faded altar to an unknown god.
  1875 | D:2      | Found an iron altar of Okawaru.
  1881 | D:2      | Reached XP level 4. HP: 17/24 MP: 8/8
  2095 | D:3      | Noticed Natasha
  2116 | D:3      | HP: 1/24 [shadow imp[Natasha] (5)]
  2121 | D:3      | Slain by Natasha

Action                   |  1- 3 |  4- 6 || total
-------------------------+-------+-------++-------
Melee: Whip              |    16 |     4 ||    20
 Cast: Sandblast         |    64 |     5 ||    69
  Eat: Chunk             |     4 |       ||     4
